 Dungeon Crawl Stone Soup version 0.31-a0-564-g3b7de120b3 (webtiles) character file.

Game seed: 808566998272581011

164 IdlyInterested the Trooper (level 5, -3/42 HPs)
             Began as a Demonspawn Gladiator on Aug 17, 2023.
             Slain by a gnoll
             ... wielding a +0 spear
              (4 damage)
             ... on level 3 of the Dungeon.
             The game lasted 00:06:57 (2170 turns).

IdlyInterested the Trooper (Demonspawn Gladiator)   Turns: 2170, Time: 00:06:58

Health: -3/42      AC: 10    Str: 17    XL:     5   Next: 21%
Magic:  5/5        EV:  6    Int:  9    God:
Gold:   126        SH:  4    Dex: 20    Spells: 4/4 levels left

rFire   . .          .
                       - Unarmed
rCold   . . .        (no shield)
rNeg    . . .        r - +0 plate armour
rPois   .            m - melded +0 helmet
rElec   .            (cloak currently unavailable)
rCorr   .            (gloves currently unavailable)
SInv    .            (boots currently unavailable)
Will    .....        (no amulet) Stlth
                     i - +4 ring of slaying
HPRegen 0.27/turn    j - +6 ring of dexterity
MPRegen 0.09/turn

%: no passive effects
@: beast-form
A: beast (slay +0), large bone plates 1, ignite blood 1, weakness stinger 2
a: Begin Untransformation


You were on level 3 of the Dungeon.
You were a hulking beast.
You visited 1 branch of the dungeon, and saw 3 of its levels.

You collected 126 gold pieces.

Inventory:

Hand Weapons
 h - a +0 war axe
 l - a +0 dagger
Missiles
 c - 3 throwing nets
 d - a javelin
 g - 39 stones (quivered)
Armour
 m - a +0 helmet (melded)
 r - a +0 plate armour (worn)
Jewellery
 i - a +4 ring of slaying (left hand)
 j - a +6 ring of dexterity (right hand)
 k - a ring of willpower
Talismans
 n - a beast talisman (active)
Wands
 p - a wand of quicksilver (7)
Scrolls
 a - a scroll of blinking {unknown}
 b - a scroll of identify {unknown}
 e - 4 scrolls of teleportation
 o - a scroll of poison {unknown}


   Skills:
 + Level 4.1 Fighting
 - Level 2.0 Throwing
 + Level 0.6 Armour
 - Level 3.0 Dodging
 - Level 1.0 Stealth
 - Level 3.0 Unarmed Combat
 - Level 1.0 Evocations
 - Level 1.0 Shapeshifting


You had 4 spell levels left.
You didn't know any spells.
Your spell library contained the following spells:

 Spells                   Type           Power      Damage    Failure   Level
 Blink                    Tloc           0%         N/A       100%        2
 Manifold Assault         Tloc           0%         N/A       100%        4


Dungeon Overview and Level Annotations

Branches:
Dungeon (3/15)

Altars:
Kikubaaqudgha


Innate Abilities, Weirdness & Mutations

You are a hulking beast.
Your limbs bulge with bestial killing power. (Slay +0)
You are partially covered in large bone plates. (SH +4)
Your demonic aura sometimes causes spilled blood to erupt in flames.
You have a tail ending in a sharp stinger.


Message History

You kill the gnoll!
The jackal bites you but does no damage.
You block the gnoll's attack.
You hit the jackal.
The jackal is moderately wounded.
You block the jackal's attack.
The jackal bites you but does no damage.
The gnoll hits you from afar with a +0 halberd.
* * * LOW HITPOINT WARNING * * *
The jackal barely misses you.
The jackal bites you but does no damage.
You hit the jackal.
You kill the jackal!
The jackal bites you but does no damage.
The gnoll hits you from afar with a +0 halberd.
* * * LOW HITPOINT WARNING * * *
You hit the hobgoblin. You tail-slap the hobgoblin.
You kill the hobgoblin!
The jackal closely misses you.
The gnoll hits you from afar with a +0 halberd.
* * * LOW HITPOINT WARNING * * *
The jackal barely misses you.
You aren't carrying any potions.
You punch the jackal!
You kill the jackal!
The ball python bites you but does no damage.
The ball python grabs you. The ball python constricts you.
You punch the ball python!
You kill the ball python!
The gnoll hits you with a +0 spear.
* * * LOW HITPOINT WARNING * * *
The gnoll hits you but does no damage.
You see here a ball python corpse.
You hit the gnoll. You tail-slap the gnoll.
The gnoll is moderately wounded.
The gnoll hits you but does no damage. The gnoll closely misses you.
You hit the gnoll.
The gnoll is moderately wounded.
The gnoll hits you with a +0 spear.
You die...

... #.# #.# #.#
#.#######
##........
##.)....... ..
#gg#.....h. .#
##h##...h.Sh .#
###########..#
.......
.##.#............#
.......
.##.#............#
.......
.##.#............#
..[....
.##.#............#
#######
)##.#............#
[##.#............#
.##.###..#########


You could see 2 gnolls.

Vanquished Creatures
  An orc wizard (D:3)
  7 adders
  2 gnolls (D:3)
  A worm (D:3)
  A dart slug (D:1)
  6 orcs (D:3)
  3 endoplasms
  A giant cockroach (D:1)
  6 goblins
  2 hobgoblins
  4 jackals
  3 kobolds (D:2)
  2 quokkas
  3 ball pythons
  3 bats (D:1)
  2 frilled lizards
  5 rats
52 creatures vanquished.

Notes
Turn   | Place    | Note
-------+----------+-------------------------------------------
     0 | D:1      | IdlyInterested the Demonspawn Gladiator began the quest for
                  | the Orb.
     0 | D:1      | Reached XP level 1. HP: 16/16 MP: 1/1
   314 | D:1      | Gained mutation: You are partially covered in large bone
                  | plates. (SH +4) [demonic ancestry]
   314 | D:1      | Reached XP level 2. HP: 21/22 MP: 2/2
   882 | D:2      | Gained mutation: You have a small tail. [demonic ancestry]
   882 | D:2      | Reached XP level 3. HP: 21/28 MP: 3/3
   980 | D:2      | Reached skill level 1 in Stealth
  1010 | D:2      | Reached skill level 3 in Fighting
  1234 | D:2      | Gained mutation: You have a tail ending in a sharp stinger.
                  | [demonic ancestry]
  1234 | D:2      | Reached XP level 4. HP: 35/35 MP: 4/4
  1821 | D:3      | Reached skill level 1 in Shapeshifting
  1856 | D:3      | Found an ancient bone altar of Kikubaaqudgha.
  2136 | D:3      | Reached skill level 4 in Fighting
  2136 | D:3      | Reached skill level 1 in Evocations
  2136 | D:3      | Gained mutation: Your demonic aura sometimes causes spilled
                  | blood to erupt in flames. [demonic ancestry]
  2136 | D:3      | Reached XP level 5. HP: 41/42 MP: 5/5
  2168 | D:3      | HP: 1/42 [gnoll/+0 spear (5)]
  2170 | D:3      | Slain by a gnoll

Illustrated notes

Levels and vault maps discovered:
D:1:      dpeg_arrival_stone_temple_mockup, layout_basic
D:2:      layout_loops_ring
D:3:      layout_basic, mainiacjoe_overflow_alcove_1

Skill      XL: |  1  2  3  4 |
---------------+-------------+-----
Throwing       | 2 |  2.0
Unarmed Combat | 3 |  3.0
Dodging        | 3 |  3.0
Stealth        | 1 |  1.0
Fighting       | 3 4 |  4.1
Shapeshifting  | 1 |  1.0
Evocations     | 1 |  1.0
Armour         | |  0.6

Action                     |  1- 3 |  4- 6 || total
---------------------------+-------+-------++-------
  Melee: Unarmed           |    83 |    63 ||   146
         Tailslap          |     4 |     8 ||    12
         Punch             |       |     2 ||     2
    Use: Scroll            |     2 |     3 ||     5
 Armour: Leather armour    |    13 |       ||    13
         Ring mail         |    17 |     1 ||    18
         Chain mail        |       |    10 ||    10
         Plate armour      |       |    11 ||    11
  Dodge: Dodged            |    42 |    22 ||    64
  Block: Other             |     8 |    13 ||    21
   Form: Beast             |     1 |       ||     1

Table legend: (Time is in decaauts)
 A = Elapsed time spent in this place.
 B = Non-inter-level travel time spent in this place.
 C = Inter-level travel time spent in this place.
 D = Time resting spent in this place.
 E = Time spent auto-exploring this place.
 F = Levels seen in this place.
 G = Mean time per level.
                   A        B        C        D        E       F      G
               +--------+--------+--------+--------+--------+-----+--------+
         Total |   2162 |   1775 |    387 |      0 |   1252 |   3 |  720.7 |
       Dungeon |   2162 |   1775 |    387 |      0 |   1252 |   3 |  720.7 |
               +--------+--------+--------+--------+--------+-----+--------+

Top non-repeatable levels by time:
     D:2: 950 daAuts
     D:1: 860 daAuts
     D:3: 351 daAuts
